 Dungeon Crawl Stone Soup version 0.28.0-47-ge53b351184 (webtiles) character file.

Game seed: 9874565559769062219

7 seaoflcl the Shield-Bearer (level 1, -2/18 HPs)
             Began as a Demigod Fighter on May 6, 2022.
             Slain by a quokka (4 damage)
             ... on level 1 of the Dungeon.
             The game lasted 00:00:42 (336 turns).

seaoflcl the Shield-Bearer (Demigod Fighter)         Turns: 336, Time: 00:00:43

Health: -2/18      AC:  6    Str: 17    XL:     1   Next: 73%
Magic:  3/3        EV:  8    Int: 10    God:
Gold:   0          SH:  4    Dex: 13    Spells: 0/0 levels left

rFire   . . .      SeeInvis .   a - +0 long sword
rCold   . . .      Faith    .   c - +0 buckler
rNeg    . . .      Spirit   .   b - +0 scale mail
rPois   .          Reflect  .   (no helmet)
rElec   .          Harm     .   (no cloak)
rCorr   .          Rampage  .   (no gloves)
Will    .....                   (no boots)
Stlth   ..........              (no amulet)
HPRegen 0.06/turn               (no ring)
MPRegen 0.08/turn               (no ring)

@: mighty
A: high MP 1, forlorn, divine attributes
a: no special abilities


You were on level 1 of the Dungeon.
You visited 1 branch of the dungeon, and saw 1 of its levels.

Inventory:

Hand Weapons
 a - a +0 long sword (weapon)
Armour
 b - a +0 scale mail (worn)
 c - a +0 buckler (worn)
Scrolls
 e - a scroll of teleportation {unknown}


   Skills:
 + Level 2.8 Fighting
 * Level 2.1 Long Blades
 - Level 2.6 Armour
 + Level 2.8 Shields


You couldn't memorise any spells.
You didn't know any spells.
Your spell library was empty.

Dungeon Overview and Level Annotations

Branches:
Dungeon (1/15)


Innate Abilities, Weirdness & Mutations

You have an increased reservoir of magic. (+10% MP)
You shall have no god before yourself.
Your divine heritage dramatically boosts your attributes as you level up.


Message History

The kobold barely misses you.
The quokka twitches its whiskers.
You barely miss the quokka. The kobold hits you with a +0 club.
The quokka closely misses you.
A kobold comes into view. It is wielding a +0 whip.
The kobold hits you but does no damage.
You closely miss the quokka.
The kobold shouts!
The quokka bites you. x2
The quokka bites you but does no damage.
The kobold closely misses you. You block the quokka's attack.
The quokka barely misses you.
You hit the quokka.
The quokka is severely wounded.
You block the quokka's attack. x2; The kobold hits you but does no damage.
The quokka bites you.
The quokka bites you but does no damage.
You are too injured to fight recklessly!
You are too injured to fight recklessly!
The quokka bites you but does no damage. x2
The quokka bites you.
* * * LOW HITPOINT WARNING * * *
The quokka bites you but does no damage.
The quokka barely misses you.
The quokka twitches its whiskers.
The quokka bites you.
* * * LOW HITPOINT WARNING * * *
You feel very mighty all of a sudden.
The quokka bites you but does no damage.
You slash the quokka!
You kill the quokka!
The quokka bites you.
* * * LOW HITPOINT WARNING * * *
You closely miss the quokka.
The quokka bites you but does no damage.
The quokka barely misses you.
You miss the quokka. The quokka barely misses you.
You barely miss the quokka. You block the quokka's attack.
The quokka bites you.
You die...

#######.##..####
............#
.........#.##########
# ...........#
.........
.........###
......... .........#
##........
........####........
.............###.#
##..###.......Kr@..#
....###.......r##..#
.....†...####### #.#
...####..# ..#
.........###### .#
............... .#
.........##:.## #
#..##.#..# ..# #.
...#...# .#


You could see 2 quokkas and a kobold.

Vanquished Creatures
  A giant cockroach (D:1)
  2 hobgoblins (D:1)
  2 quokkas (D:1)
  A frilled lizard (D:1)
6 creatures vanquished.

Notes
Turn   | Place    | Note
-------+----------+-------------------------------------------
     0 | D:1      | seaoflcl the Demigod Fighter began the quest for the Orb.
     0 | D:1      | Reached XP level 1. HP: 18/18 MP: 3/3
   336 | D:1      | Slain by a quokka

Illustrated notes

Levels and vault maps discovered:
D:1:      mrwooster_arrival_statue_2, layout_rooms,
          hellmonk_ecumenical_altar_blasted, serial_shops,
          nicolae_shop_advertising_works [nicolae_subvault_shop_adworks],
          item_on_display_a

Skill      XL: |  1 |
---------------+----+-----
Long Blades    | 2 |  2.1
Fighting       | |  2.8
Armour         | |  2.6
Shields        | |  2.8

Action                   || total
-------------------------++-------
Melee: Long sword        ||    26
  Use: Potion            ||     1
Armor: Scale mail        ||    19
Dodge: Dodged            ||    14
Block: Buckler           ||     9
